 Dungeon Crawl Stone Soup version 0.18-a0-1774-gce1f7b6 (webtiles) character file.

598 namelastname112 the Ruffian (level 7, 0/61 HPs)
             Began as a Hill Orc Monk on Apr 15, 2016.
             Was a Believer of Beogh.
             Slain by an ogre
             ... wielding a +0 giant club
              (25 damage)
             ... on level 4 of the Dungeon.
             The game lasted 00:05:09 (3802 turns).

namelastname112 the Ruffian (Hill Orc Monk)         Turns: 3802, Time: 00:05:09

Health: 0/61       AC: 13    Str: 15    XL:     7   Next: 40%
Magic:  8/8        EV: 12    Int: 10    God:    Beogh [**....]
Gold:   200        SH:  0    Dex: 14    Spells: 0 memorised, 6 levels left

rFire  . . .     SeeInvis .       - Unarmed
rCold  . . .     Gourm    .     d - +0 ring mail
rNeg   . . .     Faith    .     (no shield)
rPois  +         Spirit   .     e - +1 helmet
rElec  .         Dismiss  .     x - +2 cloak {rPois}
rCorr  .         Reflect  .     l - +0 pair of gloves
SustAt .         Harm     .     (no boots)
MR     .....                    (no amulet)
Stlth  +.........               u - ring of poison resistance
                                o - ring of flight

@: not resistant to hostile enchantments, very unstealthy
A: no striking features
a: Smiting, Renounce Religion, Evoke Flight


You were on level 4 of the Dungeon.
You worshipped Beogh.
Beogh was pleased with you.
You were hungry.

You visited 1 branch of the dungeon, and saw 4 of its levels.

You collected 200 gold pieces.

Inventory:

Missiles
 w - a throwing net (quivered)
Armour
 a - a +0 robe
 d - a +0 ring mail (worn)
 e - a +1 helmet (worn)
 l - a +0 pair of gloves (worn)
 x - a +2 cloak of poison resistance (worn)
Jewellery
 o - a ring of flight (left hand)
 u - a ring of poison resistance (right hand)
Scrolls
 f - 4 scrolls of identify {unknown}
 g - a scroll of fear {unknown}
 h - a scroll of blinking {unknown}
 i - a scroll of immolation {unknown}
 m - 2 scrolls of enchant weapon {unknown}
 q - a scroll of fog {unknown}
 s - 2 scrolls of amnesia {unknown}
 t - a scroll of teleportation {unknown}
 y - a scroll of random uselessness {unknown}
Potions
 k - a potion of degeneration
 n - a potion of magic {unknown}
 r - a potion of flight {unknown}
 v - a potion of mutation {unknown}
 z - a potion of curing {unknown}
Comestibles
 b - 5 bread rations
 c - 5 meat rations
 j - a slice of pizza
 p - 2 beef jerkies


   Skills:
 + Level 5.4 Fighting
 + Level 3.7 Armour
 + Level 3.4 Dodging
 - Level 1.5 Stealth
 * Level 6.7 Unarmed Combat
 + Level 2.1 Invocations


You had 6 spell levels left.
You didn't know any spells.

Dungeon Overview and Level Annotations

Branches:
Dungeon (4/15)
 Temple: D:4-7

Altars:
Elyvilon
Kikubaaqudgha
Trog
Xom
Yredelemnul
Zin
The Shining One


Message History

You take 2 damage, and have 21/61 hp.
Your ring mail prevents you from hitting the ogre.
The ogre is severely wounded.
The orc shouts!
You hit the ogre.
The ogre is almost dead.
The ogre hits you with a giant club!
* * * LOW HITPOINT WARNING * * *
You take 13 damage, and have 8/61 hp.
MASSIVE DAMAGE!!
You are too injured to fight recklessly!
You are too injured to fight recklessly!
You see here a worker ant corpse.
The orc drinks a potion.
The orc suddenly seems more agile.
All of the chunks of flesh in your inventory have rotted away.
The orc is no longer unusually agile.
You are feeling hungry.
You hit the ogre.
The ogre is severely wounded.
The ogre hits you with a giant club!!
You die...

#..##.#......### #.#
#.o##..>.......# #.#
#o.####......#.# #.#
#oo........o##.# #########.#
####o####.###.##.#####..........
#..>.# #.....##.o..o..####.####
#.#### ###.###############.####
#(# #o#####..............# #†#
#...O@.......####.##.. #.#
#######.####.# #.#### #.# #.#
##.## #..... #.#
#.###...######## #.#
#.##............ #.#
#.###...###.###.
#.###############.# #..## #.# #.
#.....<...........# #.## #.# #.
################### #)# #.# #.


You could see an ogre and an orc.

Vanquished Creatures
  The ghost of Moloch the Chucker, an amateur OgHu (D:4)
  A hound (D:4)
  Crazy Yiuf (D:3)
  2 orc wizards (D:3)
  Terence (D:3)
  A worker ant (D:4)
  Robin (D:3)
  6 adders
  An ooze (D:3)
  A worm (D:2)
  4 dart slugs
  2 giant geckos
  21 orcs
  5 giant cockroaches
  13 goblins
  10 hobgoblins
  6 bats
  2 giant newts
  8 kobolds
  4 rats
91 creatures vanquished.

Vanquished Creatures (others)
  An orc wizard (D:3)
  2 orcs (D:4)
3 creatures vanquished.

Grand Total: 94 creatures vanquished

Notes
Turn   | Place    | Note
--------------------------------------------------------------
     0 | D:1      | namelastname112 the Hill Orc Monk began the quest for the Orb.
     0 | D:1      | Reached XP level 1. HP: 19/19 MP: 1/1
   575 | D:1      | Reached XP level 2. HP: 22/27 MP: 2/2
   772 | D:2      | Reached skill level 1 in Armour
   790 | D:2      | Reached XP level 3. HP: 18/33 MP: 3/3
  1329 | D:2      | Found a glowing golden altar of the Shining One.
  1473 | D:3      | Reached skill level 5 in Unarmed Combat
  1473 | D:3      | Reached XP level 4. HP: 16/40 MP: 4/4
  1764 | D:3      | Reached XP level 5. HP: 42/47 MP: 5/5
  2003 | D:3      | Noticed Robin
  2054 | D:3      | Killed Robin
  2587 | D:3      | Noticed Terence
  2600 | D:3      | Killed Terence
  2779 | D:3      | Found a bloodstained altar of Trog.
  2861 | D:3      | Reached XP level 6. HP: 48/53 MP: 6/6
  3084 | D:3      | Noticed Crazy Yiuf
  3092 | D:3      | Paralysed by Crazy Yiuf for 3 turns
  3098 | D:3      | Killed Crazy Yiuf
  3098 | D:3      | Reached skill level 6 in Unarmed Combat
  3255 | D:4      | Noticed Moloch's ghost (amateur OgHu)
  3329 | D:4      | Became a worshipper of Beogh the Brigand
  3329 | D:4      | Reached * piety under Beogh
  3329 | D:4      | Reached ** piety under Beogh
  3339 | D:4      | Found a basalt altar of Yredelemnul.
  3347 | D:4      | Found an ancient bone altar of Kikubaaqudgha.
  3348 | D:4      | Found a shimmering altar of Xom.
  3349 | D:4      | Found a bloodstained altar of Trog.
  3349 | D:4      | Found a glowing silver altar of Zin.
  3502 | D:4      | Killed Moloch's ghost
  3502 | D:4      | Reached skill level 5 in Fighting
  3502 | D:4      | Reached XP level 7. HP: 26/61 MP: 6/8
  3666 | D:4      | Found a white marble altar of Elyvilon.
  3802 | D:4      | Slain by an ogre

Vault maps used:
D:1:      dpeg_arrival_simpleton_a, amethyst_killhole
D:2:      first_bread, kennysheep_small_spiral, hangedman_decor_opposing,
          tso_altar
D:3:      trog_hazing_becter, uniq_robin, uniq_terence, uniq_crazy_yiuf_cottage
D:4:      kennysheep_goblin_castle, lemuel_crystal_altar,
          grunt_temple_overflow_open, st_stairs_11

Skill      XL: |  1  2  3  4  5  6 |
---------------+-------------------+-----
Armour         | 1 2 3 |  3.7
Fighting       | 4 5 |  5.4
Unarmed Combat | 5 6 |  6.7
Dodging        | 3 |  3.4
Invocations    | 2 |  2.1
Stealth        | |  1.5

Action                   |  1- 3 |  4- 6 |  7- 9 || total
-------------------------+-------+-------+-------++-------
Melee: Unarmed           |   106 |   260 |    41 ||   407
       Punch             |     1 |     3 |     2 ||     6
Invok: Convert to Beogh  |       |     1 |       ||     1
  Use: Potion            |       |     4 |       ||     4
 Stab: Sleeping          |     3 |       |       ||     3
  Eat: Chunk             |       |     9 |     1 ||    10
Armor: Robe              |     1 |       |       ||     1
       Ring mail         |    50 |   104 |    15 ||   169
Dodge: Dodged            |    56 |   131 |    17 ||   204
